 Dungeon Crawl Stone Soup version 0.22.1-1-ga44c0e56f4 (webtiles) character file.

481 PikkenKukken the Purveyor of Pain (level 6, -1/43 HPs)
             Began as a Demonspawn Necromancer on Oct 7, 2018.
             Was an Initiate of Kikubaaqudgha.
             Shot with an arrow by a centaur (11 damage)
             ... on level 5 of the Dungeon.
             The game lasted 00:24:14 (5917 turns).

PikkenKukken the Purveyor of Pain (DsNe)            Turns: 5917, Time: 00:24:15

Health: -1/43      AC:  5    Str: 10    XL:     6   Next: 87%
Magic:  3/13       EV: 12    Int: 17    God:    Kikubaaqudgha [......]
Gold:   255        SH:  0    Dex: 13    Spells: 3/15 levels left

rFire    . . .     SeeInvis .   p - +0 mace
rCold    + . .     Gourm    .   (no shield)
rNeg     . . .     Faith    .   a - +0 robe
rPois    +         Spirit   .   (no helmet)
rElec    .         Reflect  .   (no cloak)
rCorr    .         Harm     .   (no gloves)
MR       +....                  x - +2 pair of boots
Stlth    +++.......             (no amulet)
HPRegen  0.14/turn              B - ring of poison resistance
MPRegen  0.13/turn              l - ring of protection from magic

@: no status effects
A: claws 2, cold resistance 1, nightstalker 1
a: Renounce Religion


You were on level 5 of the Dungeon.
You worshipped Kikubaaqudgha.
Kikubaaqudgha was noncommittal.
You were hungry.

You visited 2 branches of the dungeon, and saw 6 of its levels.

You collected 255 gold pieces.

Inventory:

Hand Weapons
 d - a +0 short sword
 p - a +0 mace (weapon)
Missiles
 e - 153 stones (quivered)
 h - 21 poisoned needles
 y - 3 needles of sleeping
Armour
 a - a +0 robe (worn)
 n - a +1 leather armour
 x - a +2 pair of boots (worn)
Jewellery
 j - an uncursed ring of flight
 k - an uncursed ring of protection from fire
 l - a ring of protection from magic (right claw)
 B - a ring of poison resistance (left claw)
Wands
 w - a wand of polymorph (8)
Scrolls
 g - a scroll of amnesia
 m - 3 scrolls of remove curse
 q - a scroll of magic mapping
 r - 2 scrolls of identify
 v - a scroll of fog
 z - 2 scrolls of teleportation
 A - a scroll of blinking
 D - a scroll of vulnerability {unknown}
Potions
 b - 2 potions of brilliance
 f - 2 potions of magic
 i - 2 potions of heal wounds {unknown}
 o - 3 potions of haste
 s - a potion of invisibility {unknown}
 t - 3 potions of curing
 u - a potion of flight {unknown}
 C - a potion of might {unknown}
Comestibles
 c - 10 rations


   Skills:
 + Level 1.4 Fighting
 + Level 1.3 Armour
 - Level 1.7 Dodging
 - Level 1.7 Stealth
 + Level 1.2 Unarmed Combat
 - Level 5.1 Spellcasting
 - Level 6.1 Necromancy


You had 3 spell levels left.
You knew the following spells:

 Your Spells              Type           Power        Failure   Level  Hunger
a - Pain                  Necr           ####         1%          1    None
b - Animate Skeleton      Necr           N/A          1%          1    None
c - Vampiric Draining     Necr           ####......   3%          3    ###....
d - Regeneration          Chrm/Necr      ##........   12%         3    ###....
e - Animate Dead          Necr           N/A          11%         4    ####...

Your spell library contained the following spells:

 Spells                   Type           Power        Failure   Level  Hunger


Dungeon Overview and Level Annotations

Branches:
Dungeon (5/15)             Temple (1/1) D:4

Altars:
Ashenzari
Kikubaaqudgha
Okawaru
Qazlal
Sif Muna
Xom
Zin

Shops:
D:4 [

Annotations:
D:3 Jessica


Innate Abilities, Weirdness & Mutations

You have very sharp fingernails.
Your flesh is cold resistant. (rC+)
You are slightly more attuned to the shadows.


Message History

Your orc zombie barely misses the centaur.
You see here an arrow.
The centaur shoots an arrow.
The arrow hits you!
* * * LOW HITPOINT WARNING * * *
You see here an arrow.
You feel better.
As you read the scroll of teleportation, it crumbles to dust.
You feel strangely unstable.
The centaur unwields an uncursed shortbow.
The centaur barely misses you.
Okay, then.
The centaur closely misses you.
Your orc zombie barely misses the centaur.
The centaur hits you.
* * * LOW HITPOINT WARNING * * *
Your surroundings seem slightly different.
The centaur wields an uncursed shortbow.
The centaur shoots an arrow.
The arrow hits you!
You die...
Kikubaaqudgha rasps: "You have failed me!
Welcome... death!"

#.#..#.##
...##...>...###.#
#.#..##
#..##.##.##Z....#
... .#
##......#.##..####
### ..
.............# ##
#.#...#.##>.#
#.###c.#....##..#
#...............#
.#######.(#....###.#
.........#..@#.# .#
###.)(.........# .#
#.######..#..# .# #.
#..#.....# ..
...#.....# .# ###.#
.##. ..# #


You could see a centaur.

Vanquished Creatures
  A sky beast (D:4)
  A big kobold (D:4)
  A howler monkey (D:5)
  A hound (D:5)
  Terence (D:2)
  2 orc wizards
  2 worker ants
  4 adders
  A worm (D:2)
  A dart slug (D:2)
  4 leopard geckos
  9 orcs
  3 bats
  2 giant cockroaches
  6 goblins
  7 hobgoblins
  4 jackals
  12 kobolds
  2 frilled lizards
  A leopard gecko skeleton (D:4)
  3 rats
68 creatures vanquished.

Vanquished Creatures (collateral kills)
  A worker ant zombie (D:5)
  A bat (D:1)
  2 kobolds
  2 rats
6 creatures vanquished.

Grand Total: 74 creatures vanquished

Notes
Turn   | Place    | Note
-------+----------+-------------------------------------------
     0 | D:1      | PikkenKukken the Demonspawn Necromancer began the quest for
                  | the Orb.
     0 | D:1      | Reached XP level 1. HP: 13/13 MP: 3/3
    77 | D:1      | Learned a level 1 spell: Animate Skeleton
   390 | D:1      | Gained mutation: Your flesh is cold resistant. (rC+)
                  | [demonic ancestry]
   390 | D:1      | Reached XP level 2. HP: 2/19 MP: 0/5
   829 | D:1      | Reached skill level 5 in Necromancy
  1518 | D:2      | Found a deep blue altar of Sif Muna.
  1524 | D:2      | Found a shattered altar of Ashenzari.
  1593 | D:2      | Reached XP level 3. HP: 20/24 MP: 1/6
  1648 | D:2      | Learned a level 3 spell: Vampiric Draining
  1960 | D:2      | Reached skill level 6 in Necromancy
  1969 | D:2      | Gained mutation: You are slightly more attuned to the
                  | shadows. [demonic ancestry]
  1969 | D:2      | Reached XP level 4. HP: 30/30 MP: 2/7
  2027 | D:2      | Noticed Terence
  2452 | D:2      | Killed Terence
  2671 | D:3      | Learned a level 3 spell: Regeneration
  2893 | D:3      | Noticed Jessica
  3705 | D:4      | Found an iron altar of Okawaru.
  3759 | D:4      | Found Ciuk's Antique Armour Emporium.
  3781 | D:4      | Gained mutation: You have sharp fingernails. [demonic
                  | ancestry]
  3781 | D:4      | Reached XP level 5. HP: 19/35 MP: 0/10
  4373 | D:4      | Found a stormy altar of Qazlal.
  4773 | D:4      | Found a staircase to the Ecumenical Temple.
  4782 | Temple   | Entered the Ecumenical Temple
  4840 | Temple   | Became a worshipper of Kikubaaqudgha
  5135 | D:5      | Entered Level 5 of the Dungeon
  5154 | D:5      | Noticed a sky beast
  5319 | D:5      | Gained mutation: You have very sharp fingernails. [demonic
                  | ancestry]
  5319 | D:5      | Reached XP level 6. HP: 24/41 MP: 0/12
  5456 | D:4      | Reached skill level 5 in Spellcasting
  5516 | D:4      | Learned a level 4 spell: Animate Dead
  5674 | D:4      | Killed a sky beast
  5674 | D:4      | Reached skill level 1 in Fighting
  5674 | D:4      | Reached skill level 1 in Armour
  5674 | D:4      | Reached skill level 1 in Unarmed Combat
  5912 | D:5      | HP: 2/43 [centaur/arrow (14)]
  5917 | D:5      | Shot with an arrow by a centaur

Skill      XL: |  1  2  3  4  5  6 |
---------------+-------------------+-----
Necromancy     | 5 6 |  6.1
Spellcasting   | 3 4 5 |  5.1
Fighting       | 1 |  1.4
Armour         | 1 |  1.3
Unarmed Combat | 1 |  1.2
Dodging        | |  1.7
Stealth        | |  1.7

Action                   |  1- 3 |  4- 6 || total
-------------------------+-------+-------++-------
Melee: Short sword       |    35 |       ||    35
       Mace              |    10 |   155 ||   165
 Cast: Pain              |    34 |     4 ||    38
       Animate Skeleton  |     8 |    16 ||    24
       Vampiric Draining |     2 |    33 ||    35
       Regeneration      |       |     4 ||     4
       Animate Dead      |       |     1 ||     1
  Use: Scroll            |     9 |     7 ||    16
       Potion            |       |     2 ||     2
 Stab: Sleeping          |       |     3 ||     3
  Eat: Chunk             |     4 |    12 ||    16
       Ration            |       |     1 ||     1
Armor: Robe              |    15 |    56 ||    71
Dodge: Dodged            |    50 |   151 ||   201
